 Dungeon Crawl Stone Soup version 0.20.1-1-g8b1a95d (webtiles) character file.

23 Monsterracer the Bolt Thrower (level 3, 0/21 HPs)
             Began as a Kobold Arcane Marksman on Aug 20, 2017.
             Slain by a gnoll
             ... wielding a +0 spear
              (8 damage)
             ... on level 1 of the Dungeon.
             The game lasted 00:02:03 (895 turns).

Monsterracer the Bolt Thrower (KoAM)                 Turns: 895, Time: 00:02:04

Health: 0/21       AC:  2    Str:  8    XL:     3   Next: 10%
Magic:  4/4        EV: 15    Int: 14    God:
Gold:   49         SH:  0    Dex: 15    Spells: 3/4 levels left

rFire    . . .     SeeInvis .   a - +0 hand crossbow
rCold    . . .     Gourm    .   (shield restricted)
rNeg     . . .     Faith    .   e - +0 robe
rPois    .         Spirit   .   (no helmet)
rElec    .         Reflect  .   (no cloak)
rCorr    .         Harm     .   (no gloves)
MR       .....                  (no boots)
Stlth    ++........             (no amulet)
Regen    0.1/turn               q - ring of stealth
MPRegen  0.1/turn               (no ring)

@: no status effects
A: carnivore 3
a: no special abilities


You were on level 1 of the Dungeon.
You were completely stuffed.

You visited 1 branch of the dungeon, and saw 1 of its levels.

You collected 49 gold pieces.

Inventory:

Hand Weapons
 a - a +0 hand crossbow (weapon)
 b - a +0 short sword
 n - a +3 short sword
Missiles
 d - 19 bolts (quivered)
Armour
 e - a +0 robe (worn)
Jewellery
 q - a ring of stealth (left hand)
Scrolls
 h - a scroll of fog {unknown}
 i - a scroll of recharging {unknown}
 k - 3 scrolls of identify {unknown}
 l - a scroll of enchant weapon {unknown}
 m - a scroll of remove curse {unknown}
 o - a scroll of teleportation {unknown}
Potions
 g - a potion of haste {unknown}
 j - 3 potions of degeneration {unknown}
 p - a potion of ambrosia {unknown}
Books
 c - a book of Debilitation

   Spells                             Type                      Level
   a - Corona                         Hexes                        1
   b - Slow                           Hexes                        2
   c - Inner Flame                    Hexes/Fire                   3
   d - Portal Projectile              Hexes/Translocation          3
   e - Cause Fear                     Hexes                        4
   f - Leda's Liquefaction            Hexes/Earth                  4
Comestibles
 f - 2 meat rations


   Skills:
 + Level 1.7 Fighting
 * Level 1.0 Short Blades
 * Level 3.5 Crossbows
 - Level 2.4 Dodging
 - Level 1.1 Spellcasting
 - Level 3.0 Hexes


You had 3 spell levels left.
You knew the following spells:

 Your Spells              Type           Power        Failure   Level  Hunger
a - Corona                Hex            #......      8%          1    ##.....


Dungeon Overview and Level Annotations

Branches:
Dungeon (1/15)

Altars:


Innate Abilities, Weirdness & Mutations

You are small and have problems with some larger weapons.
You are carnivorous and can eat meat at any time.


Message History

The gnoll is moderately wounded.
The gnoll hits you with a spear.
* * * LOW HITPOINT WARNING * * *
Huge Dmg: -19%(-4hp) hp: 48%(10hp)
The gnoll hits you from afar with a spear.
* * * LOW HITPOINT WARNING * * *
Damage: -5%(-1hp) hp: 43%(9hp) Unknown command.
a - a +0 hand crossbow (weapon)
The gnoll hits you from afar with a spear.
* * * LOW HITPOINT WARNING * * *
Damage: -4%(-1hp) hp: 39%(8hp) Unknown command.
Firing (i - inventory):
d - 20 bolts (quivered)
Press: ? - help, Shift-Dir - straight line, f - gnoll
Aim: a gnoll, wielding a spear (moderately wounded)
You shoot a bolt. The bolt hits the gnoll.
The gnoll is severely wounded.
The gnoll hits you from afar with a spear!
You die...

##.#.............'...#.....##....
.#.#####.........###.#####.##....
.#.# #.........# #.# #.##....
.#.# ##......[..# #.# #.##....
.#.# #..........# #.# #...[...
.#.# #.########.# #.# ########
##.# #.# #.# #.# ...# #.# #.# .#
...# #.# #@# .# #..# #.# #.#
.###.# ..## #.# #g###.....#
#######.# #.........# ........#
########### #########


You could see a gnoll.

Vanquished Creatures
  A gnoll (D:1)
  A dart slug (D:1)
  3 bats (D:1)
  3 goblins (D:1)
  A hobgoblin (D:1)
  A frilled lizard (D:1)
  2 kobolds (D:1)
12 creatures vanquished.

Notes
Turn   | Place    | Note
-------+----------+-------------------------------------------
     0 | D:1      | Monsterracer the Kobold Arcane Marksman began the quest for the Orb.
     0 | D:1      | Reached XP level 1. HP: 12/12 MP: 2/2
   109 | D:1      | HP: 6/12 [frilled lizard (1)]
   382 | D:1      | Reached XP level 2. HP: 13/17 MP: 3/3
   615 | D:1      | Reached XP level 3. HP: 20/21 MP: 4/4
   700 | D:1      | Reached skill level 1 in Short Blades
   888 | D:1      | HP: 10/21 [gnoll/spear (4)]
   894 | D:1      | HP: 8/21 [gnoll/spear (1)]
   895 | D:1      | Slain by a gnoll

Skill      XL: |  1  2  3 |
---------------+----------+-----
Crossbows      | 3 |  3.5
Short Blades   | 1 |  1.0
Fighting       | |  1.7
Dodging        | |  2.4
Spellcasting   | |  1.1
Hexes          | |  3.0

Action                   || total
-------------------------++-------
Melee: Hand axe          ||    29
       Short sword       ||    27
       Spear             ||     3
 Fire: Hand crossbow     ||     6
  Eat: Chunk             ||     8
Armor: Robe              ||    12
Dodge: Dodged            ||    49
